 Dungeon Crawl Stone Soup version 0.29.1-13-g9f3cf754e1 (webtiles) character file.

Game seed: 7113574211201656845

9 fets63 the Shooter (level 2, 0/19 HPs)
             Began as an Octopode Hunter on Feb 7, 2023.
             Frozen to death by an endoplasm (5 damage)
             ... on level 1 of the Dungeon.
             The game lasted 00:01:10 (337 turns).

fets63 the Shooter (Octopode Hunter)                 Turns: 337, Time: 00:01:11

Health: 0/19       AC:  1    Str: 10    XL:     2   Next: 12%
Magic:  2/2        EV: 13    Int: 11    God:
Gold:   20         SH:  0    Dex: 15    Spells: 1/1 levels left

rFire   . . .      SeeInvis .   c - +0 whip
rCold   . . .      Faith    .   (no shield)
rNeg    . . .      Spirit   .   (helmet restricted)
rPois   .          Reflect  .   (no amulet)
rElec   .          Harm     .   (no ring)
rCorr   .          Rampage  .   (no ring)
Will    .....                   (no ring)
Stlth   +++.......              (no ring)
HPRegen 0.06/turn               (no ring)
MPRegen 0.08/turn               (no ring)
                                (no ring)
                                (no ring)

@: no status effects
A: almost no armour, amphibious, 8 rings, camouflage 1, gelatinous body 1,
(nimble swimmer 1), tentacles
a: no special abilities


You were on level 1 of the Dungeon.
You visited 1 branch of the dungeon, and saw 1 of its levels.

You collected 20 gold pieces.

Inventory:

Hand Weapons
 a - a +0 shortbow
 c - a +0 whip (weapon)
Scrolls
 b - a scroll of immolation
Potions
 d - a potion of curing {unknown}


   Skills:
 + Level 2.0 Fighting
 + Level 4.4 Ranged Weapons
 + Level 2.0 Dodging
 + Level 1.3 Stealth


You had one spell level left.
You didn't know any spells.
Your spell library was empty.

Dungeon Overview and Level Annotations

Branches:
Dungeon (1/15)

Altars:


Innate Abilities, Weirdness & Mutations

You cannot wear most types of armour.
You are amphibious.
You can wear up to eight rings at the same time.
Your skin changes colour to match your surroundings (Stealth+).
Your rubbery body absorbs attacks. (AC +1, EV +1)
((You are camouflaged when in or above water. (Stealth+)))
You have tentacles for arms and can constrict up to eight enemies at once.


Message History

Fire: a) +0 shortbow
Press: ? - help, Q - select action Shift-Dir - straight line, f/p - bat
Aim: a bat (moderately wounded, 48% to hit)
You shoot an arrow. The arrow hits the bat.
You kill the bat!
You have reached level 2!
Found a hand axe.
You see here a bat corpse.
A goblin comes into view. It is wielding a +0 club.
Found a mace.
The goblin shouts!
Fire: a) +0 shortbow
Press: ? - help, Q - select action Shift-Dir - straight line, f - goblin
Aim: a goblin, wielding a +0 club (55% to hit)
You shoot an arrow. The arrow closely misses the goblin.
The goblin hits you with a +0 club.
An endoplasm comes into view.
Fire: a) +0 shortbow
Press: ? - help, Q - select action Shift-Dir - straight line, f/p - goblin
Aim: a goblin, wielding a +0 club (55% to hit)
You shoot an arrow. The arrow barely misses the goblin.
The endoplasm quivers.
The goblin hits you with a +0 club.
c - a +0 whip (weapon)
The goblin hits you with a +0 club.
You barely miss the goblin. You grab the goblin. You constrict the goblin.
The goblin completely misses you.
You hit the goblin.
You kill the goblin!
You see here a bat corpse.
You hit the endoplasm but do no damage. The endoplasm hits you.
You hit the endoplasm but do no damage.
You squeeze the endoplasm, but do no damage.
The endoplasm freezes you.
You are frozen.
* * * LOW HITPOINT WARNING * * *
You hit the endoplasm but do no damage. The endoplasm freezes you.
You are frozen.
You die...

#.###
###''###
#.#. #...#
#..# #...
###.# #''#
#.#. #.#
#..#####.##
#.#
##.......#
#.#
#######.#
#.# #.# #.#
#.# #@# #..
#J# ### #.#
.######.#
........#
#######.).#
)###J# .#
.# #. .)


You could see an endoplasm.

Vanquished Creatures
  A dart slug (D:1)
  2 ball pythons (D:1)
  A bat (D:1)
  A goblin (D:1)
  A rat (D:1)
6 creatures vanquished.

Notes
Turn   | Place    | Note
-------+----------+-------------------------------------------
     0 | D:1      | fets63 the Octopode Hunter began the quest for the Orb.
     0 | D:1      | Reached XP level 1. HP: 14/14 MP: 1/1
   317 | D:1      | Reached XP level 2. HP: 19/19 MP: 2/2
   337 | D:1      | Frozen to death by an endoplasm

Illustrated notes

Levels and vault maps discovered:
D:1:      lightli_arrival_lavapool, layout_loops_ring

Action                   || total
-------------------------++-------
Melee: Whip              ||     7
       Constrict         ||     2
       Tentacles         ||     1
 Fire: Shortbow          ||    10
Dodge: Dodged            ||     3
